 Dungeon Crawl Stone Soup version 0.21.0-3-g78d12a8 (webtiles) character file.

174 Faca the Poker (level 5, -2/45 HPs)
             Began as a Centaur Gladiator on Jan 10, 2018.
             Slain by an orc
             ... wielding a +2 flail of crushing
              (8 damage)
             ... on level 3 of the Dungeon.
             The game lasted 00:04:22 (2204 turns).

Faca the Poker (Centaur Gladiator)                  Turns: 2204, Time: 00:04:23

Health: -2/45      AC:  6    Str: 14    XL:     5   Next: 28%
Magic:  5/5        EV:  9    Int:  7    God:
Gold:   45         SH:  0    Dex: 11    Spells: 4/4 levels left

rFire    . . .     SeeInvis .   a - +0 trident
rCold    . . .     Gourm    .   (no shield)
rNeg     . . .     Faith    .   g - +0 ring mail
rPois    .         Spirit   .   c - +0 helmet
rElec    .         Reflect  .   (no cloak)
rCorr    .         Harm     .   (no gloves)
MR       .....                  (no barding)
Stlth    ..........             (no amulet)
HPRegen  0.15/turn              l - -3 ring of strength (curse)
MPRegen  0.09/turn              (no ring)

@: very quick
A: large, hooves 3, deformed body, speed 2, tough skin 3
a: no special abilities


You were on level 3 of the Dungeon.
You were not hungry.

You visited 1 branch of the dungeon, and saw 3 of its levels.

You collected 45 gold pieces.

Inventory:

Hand Weapons
 a - a +0 trident (weapon)
Missiles
 d - 3 throwing nets (quivered)
 h - 30 arrows
Armour
 b - a +0 leather armour
 c - a +0 helmet (worn)
 g - a +0 ring mail (worn)
Jewellery
 l - a cursed -3 ring of strength (left hand)
Scrolls
 e - 2 scrolls of identify
Potions
 i - 3 potions of heal wounds
 k - a potion of flight
Comestibles
 f - 10 rations


   Skills:
 + Level 3.2 Fighting
 * Level 4.3 Polearms
 - Level 2.1 Throwing
 + Level 2.9 Dodging


You had 4 spell levels left.
You didn't know any spells.

Dungeon Overview and Level Annotations

Branches:
Dungeon (3/15)

Altars:
Wu Jian


Innate Abilities, Weirdness & Mutations

You have hooves in place of feet.
Armour fits poorly on your strangely shaped body.
You cover ground very quickly.
You have extremely tough skin. (AC +3)


Message History

You are too injured to fight recklessly!
Your ring mail prevents you from hitting the orc priest.
The orc priest is heavily wounded.
The kobold hits you but does no damage.
The orc priest hits you but does no damage.
The kobold barely misses you.
You hit the orc priest.
The orc priest is severely wounded.
The orc priest invokes the aid of Beogh against you.
Beogh smites you!
* * * LOW HITPOINT WARNING * * *
The orc barely misses you. The kobold hits you but does no damage.
The orc barely misses you.
You hit the orc priest.
You kill the orc priest!
The orc hits you with a mace.
* * * LOW HITPOINT WARNING * * *
The kobold barely misses you.
The orc hits you with a flail of crushing!
You die...

##.....# #†# #. ##...####
#.# #. ##.....## #.###
###.
##.......#####...#####...
#>........#.)..........##
##........#.....[..###.#
###......#..........##†#
#....((.oo..........##...
#.###)##@Ko........)###..
#. #. ##o#.........# #..
#. #.#.#.....### #.. #.
.#........ #.. #. .# ###
#. .# #. .# .#


You could see an orc wizard, 3 orcs and a kobold.

Vanquished Creatures
  An orc priest (D:3)
  Terence (D:2)
  5 adders
  An ooze (D:1)
  2 worms (D:3)
  A dart slug (D:1)
  A leopard gecko (D:1)
  An orc (D:3)
  3 ball pythons
  3 giant cockroaches (D:1)
  7 goblins
  7 hobgoblins
  3 jackals (D:1)
  2 quokkas
  4 bats
  4 frilled lizards
  7 kobolds
  11 rats
64 creatures vanquished.

Notes
Turn   | Place    | Note
-------+----------+-------------------------------------------
     0 | D:1      | Faca the Centaur Gladiator began the quest for the Orb.
     0 | D:1      | Reached XP level 1. HP: 17/17 MP: 1/1
   126 | D:1      | Reached skill level 3 in Polearms
   126 | D:1      | Reached XP level 2. HP: 24/24 MP: 2/2
   580 | D:1      | Reached XP level 3. HP: 25/30 MP: 3/3
   730 | D:2      | Found an ornate altar of the Wu Jian Council.
  1011 | D:2      | Reached XP level 4. HP: 22/37 MP: 4/4
  1360 | D:2      | Noticed Terence
  1375 | D:2      | Killed Terence
  1381 | D:2      | Reached skill level 4 in Polearms
  1827 | D:3      | Reached XP level 5. HP: 16/45 MP: 5/5
  2204 | D:3      | Slain by an orc

Skill      XL: |  1  2  3  4 |
---------------+-------------+-----
Polearms       | 3 4 |  4.3
Fighting       | 3 |  3.2
Throwing       | |  2.1
Dodging        | |  2.9

Action                   |  1- 3 |  4- 6 || total
-------------------------+-------+-------++-------
Melee: Trident           |   112 |   102 ||   214
       Kick              |    15 |    21 ||    36
  Use: Scroll            |     2 |     3 ||     5
  Eat: Chunk             |       |     3 ||     3
Armor: Ring mail         |    64 |    30 ||    94
Dodge: Dodged            |    57 |    42 ||    99
